 Dungeon Crawl Stone Soup version 0.29-a0-334-gb41bcbb86e (webtiles) character file.

Game seed: 1812300920907461847

27813 dolemite99 the Thaumaturge (level 13, -6/88 HPs)
             Began as a Gnoll Earth Elementalist on Apr 16, 2022.
             Was an Elder of Hepliaklqana.
             Killed from afar by a lindwurm (21 damage)
             ... with a blast of flame
             ... on level 6 of the Lair of Beasts.
             The game lasted 00:27:00 (24581 turns).

dolemite99 the Thaumaturge (GnEE)                  Turns: 24581, Time: 00:27:01

Health: -6/88      AC: 21    Str:  9    XL:     13   Next: 34%
Magic:  12/26      EV: 15    Int: 18    God:    Hepliaklqana [****..]
Gold:   848        SH:  0    Dex: 13    Spells: 19/31 levels left

rFire   . . .      SeeInvis .   a - +2 shortbow (freeze)
rCold   + . .      Faith    .   (shield currently unavailable)
rNeg    . . .      Spirit   .   f - +3 leather armour
rPois   .          Reflect  .   w - +2 helmet
rElec   .          Harm     .   t - +2 cloak
rCorr   .          Rampage  .   (no gloves)
Will    .....                   e - +2 pair of boots
Stlth   ++++......              A - amulet of magic regeneration
HPRegen 0.24/turn               j - +4 ring of protection {=R}
MPRegen 0.60/turn               x - ring of protection from cold

@: freezing walls
A: reduced essence, fangs 1, strong nose, distributed training
a: Renounce Religion, Recall Ancestor, Ancestor Identity, Transference, Idealise


You were on level 6 of the Lair of Beasts.
You worshipped Hepliaklqana.
Hepliaklqana was greatly pleased with you.
You visited 3 branches of the dungeon, and saw 16 of its levels.

You collected 1798 gold pieces.
You spent 844 gold pieces at shops.
You donated 106 gold pieces to Zin.

Inventory:

Hand Weapons
 a - a +2 shortbow of freezing (weapon)
 b - a +2 dagger of protection
 F - a +1 broad axe of distortion
 G - a +3 long sword of freezing
 P - a +1 trident
 Q - a +2 dagger of freezing
Missiles
 i - 22 poisoned darts
 l - 6 silver boomerangs
 q - 4 silver javelins
 y - a throwing net
 H - 156 stones
 R - 5 curare-tipped darts
Armour
 e - a +2 pair of boots (worn)
 f - a +3 leather armour (worn)
 o - a +2 pair of gloves
 t - a +2 cloak (worn)
 u - a +0 kite shield
 w - a +2 helmet (worn)
Magical Staves
 m - a staff of fire
Jewellery
 g - a ring of wizardry
 j - a +4 ring of protection (left hand) {=R}
 n - a ring of positive energy
 x - a ring of protection from cold (right hand)
 A - an amulet of magic regeneration (around neck)
 K - a ring of magical power
 O - a ring of resist corrosion
Wands
 B - a wand of iceblast (3)
 M - a wand of flame (16)
Scrolls
 h - 2 scrolls of identify {@r1}
 s - a scroll of blinking
 z - 6 scrolls of teleportation
 C - a scroll of vulnerability
 E - a scroll of enchant weapon
 J - 4 scrolls of fog
 L - a scroll of holy word
 N - a scroll of immolation
Potions
 c - 2 potions of magic
 d - 5 potions of flight
 k - 2 potions of brilliance
 p - a potion of invisibility
 r - 2 potions of haste
 v - 4 potions of heal wounds
 D - a potion of ambrosia
 I - a potion of curing
 S - 2 potions of attraction
 T - a potion of lignification
 U - a potion of resistance


   Skills:
 + Level 8.2 Fighting
 + Level 8.2 Short Blades
 + Level 8.2 Long Blades
 + Level 8.2 Axes
 + Level 8.2 Maces & Flails
 + Level 8.2 Polearms
 + Level 8.2 Staves
 + Level 8.2 Slings
 + Level 8.2 Bows
 + Level 8.2 Crossbows
 + Level 8.2 Throwing
 + Level 8.2 Armour
 + Level 9.4 Dodging
 + Level 9.3 Stealth
 + Level 8.2 Shields
 + Level 8.2 Unarmed Combat
 + Level 9.7 Spellcasting
 + Level 6.8 Conjurations
 + Level 6.8 Hexes
 + Level 6.8 Summonings
 + Level 6.8 Necromancy
 + Level 6.8 Translocations
 + Level 7.2 Transmutations
 + Level 6.8 Fire Magic
 + Level 6.8 Ice Magic
 + Level 6.8 Air Magic
 + Level 8.8 Earth Magic
 + Level 6.8 Poison Magic
 + Level 9.0 Invocations
 + Level 8.2 Evocations


You had 19 spell levels left.
You knew the following spells:

 Your Spells              Type           Power      Damage    Failure   Level
a - Stone Arrow           Conj/Erth      74%        3d11      1%          3
c - Shock                 Conj/Air       100%       1d9       1%          1
d - Frozen Ramparts       Ice            66%        1d8       1%          3
e - Tukima's Dance        Hex            33%        N/A       1%          3
f - Passwall              Tmut/Erth      30%        N/A       1%          2

Your spell library contained the following spells:

 Spells                   Type           Power      Damage    Failure   Level
 Sandblast                Erth           80%        2d17      1%          1
 Summon Small Mammal      Summ           100%       N/A       1%          1
 Ensorcelled Hibernation  Hex/Ice        66%        N/A       1%          2
 Sublimation of Blood     Necr           33%        N/A       1%          2
 Wereblood                Tmut           34%        N/A       1%          2
 Call Canine Familiar     Summ           33%        N/A       1%          3
 Dazzling Flash           Conj/Hex       66%        N/A       1%          3
 Inner Flame              Hex/Fire       33%        N/A       1%          3
 Summon Guardian Golem    Hex/Summ       33%        N/A       1%          3
 Swiftness                Air            33%        N/A       1%          3
 Petrify                  Tmut/Erth      37%        N/A       4%          4
 Airstrike                Air            16%        N/A       6%          4
 Anguish                  Hex/Necr       16%        N/A       6%          4
 Cause Fear               Hex            16%        N/A       6%          4
 Hailstorm                Conj/Ice       33%        3d8       6%          4
 Ice Form                 Ice/Tmut       34%        N/A       6%          4
 Summon Ice Beast         Ice/Summ       33%        N/A       6%          4
 Agony                    Necr           33%        N/A       19%         5
 Silence                  Hex/Air        16%        N/A       19%         5
 Simulacrum               Ice/Necr       16%        N/A       69%         6
 Enfeeble                 Hex            16%        N/A       99%         7
 Summon Hydra             Summ           16%        N/A       99%         7
 Discord                  Hex            16%        N/A       100%        8


Dungeon Overview and Level Annotations

Branches:
Dungeon (9/15)             Temple (1/1) D:7            Lair (6/6) D:8
 Shoals (0/4) Lair:2        Snake (0/4) Lair:3        Slime (0/5) Lair:5
    Orc: D:9-12

Altars:
Ashenzari
Cheibriados
Dithmenos
Elyvilon
Fedhas
Gozag
Hepliaklqana
Kikubaaqudgha
Makhleb
Nemelex Xobeh
Okawaru
Qazlal
Ru
Sif Muna
Trog
Uskayaw
Vehumet
Wu Jian
Xom
Yredelemnul
Zin
Jiyva

Shops:
D:1 *   D:5 ?


Innate Abilities, Weirdness & Mutations

Your life essence is reduced to manifest your ancestor. (-10% HP)
You have very sharp teeth.
Your uncanny sense of smell can sniff out nearby items.
Your experience applies equally to all skills.


Message History

You kill the komodo dragon!
Something bites Dunstan!
Dunstan is destroyed!
Casting: Stone Arrow (safe; 1% risk of failure)
Confirm with . or Enter, or press ? or * to list all spells.
You can't see any susceptible monsters within range! (Use Z to cast anyway.)
You start resting.
A lindwurm is nearby!
A lindwurm is nearby!
A lindwurm is nearby!
Casting: Stone Arrow (safe; 1% risk of failure)
Confirm with . or Enter, or press ? or * to list all spells.
Aiming: Stone Arrow (safe; 1% risk of failure)
Press: ? - help, Shift-Dir - straight line, f - lindwurm
Aim: a lindwurm (lightly wounded, 88% to hit)
The stone arrow hits the lindwurm!
The lindwurm is heavily wounded.
The wall freezes the lindwurm.
The lindwurm closely misses you. The lindwurm misses you.
The lindwurm claws you.
* * * LOW HITPOINT WARNING * * *
Casting: Stone Arrow (safe; 1% risk of failure)
Confirm with . or Enter, or press ? or * to list all spells.
Aiming: Stone Arrow (safe; 1% risk of failure)
Press: ? - help, Shift-Dir - straight line, f/p - lindwurm
Aim: a lindwurm (heavily wounded, 88% to hit)
The stone arrow misses the lindwurm.
The wall freezes the lindwurm.
The lindwurm breathes flames at you. The blast of flame hits you!
* * * LOW HITPOINT WARNING * * *
Casting: Stone Arrow (safe; 1% risk of failure)
Confirm with . or Enter, or press ? or * to list all spells.
Aiming: Stone Arrow (safe; 1% risk of failure)
Press: ? - help, Shift-Dir - straight line, f/p - lindwurm
Aim: a lindwurm (heavily wounded, 88% to hit)
The stone arrow hits the lindwurm!
The lindwurm is almost dead.
The wall freezes the lindwurm.
The lindwurm breathes flames at you. The blast of flame hits you!!
You die...

#.####. #P.# ##.#.###.##
.##......##.P####.##...#..#
...........................
...........................
....P......P#..P.##........
...........................
...........................
..........##k..#......#.##.
......#...@#...#....#......
........##†k....###........
.....#.#.##..#### ##....###
#... ##†###### ###### # ##.
#l.# #. #..# # ...l .....
#......


You could see a lindwurm (catching breath).

Vanquished Creatures
  4 hydras
  Sonja (Lair:5)
  2 oklob plants (Lair:5)
  4 black mambas
  A torpor snail (Lair:2)
  4 cane toads
  A rime drake (Lair:5)
  Psyche (D:8)
  5 komodo dragons
  4 dream sheep (Lair:5)
  4 blink frogs (Lair:3)
  A wyvern (D:8)
  A basilisk (Lair:6)
  2 steam dragons
  14 yaks
  Menkaure (D:5)
  11 water moccasins
  Duvessa (D:5)
  An orc warrior (D:4)
  2 ice beasts
  2 ogres
  6 centaurs
  4 wolves (Lair:5)
  A phantom (D:6)
  2 kobold brigands
  14 bullfrogs
  6 scorpions
  13 wights
  9 killer bees (D:8)
  A crimson imp (D:5)
  4 hounds
  A gnoll shaman (D:8)
  3 jellies
  6 orc priests
  3 iguanas (D:5)
  6 orc wizards
  8 adders
  8 gnolls
  2 white imps (D:6)
  2 dart slugs
  26 orcs
  9 bats
  5 endoplasms
  2 giant cockroaches
  3 goblins
  6 hobgoblins
  8 jackals
  3 quokkas
  7 ball pythons
  7 frilled lizards
  14 kobolds
  9 rats
265 creatures vanquished.

Vanquished Creatures (collateral kills)
  2 boulder beetles
  An oklob plant (Lair:5)
  5 black mambas
  6 cane toads
  2 rime drakes (Lair:4)
  2 komodo dragons
  5 blink frogs (Lair:3)
  A dream sheep (Lair:5)
  A wyvern (Lair:5)
  8 yaks
  A basilisk (Lair:5)
  A steam dragon (Lair:5)
  2 nagas (Lair:3)
  4 water moccasins
  2 wolves (Lair:5)
  3 bullfrogs
  Dowan (D:5)
47 creatures vanquished.

Vanquished Creatures (others)
  7 battlemagi
  4 ancestors
  72 fungi
  66 plants
149 creatures vanquished.

Grand Total: 461 creatures vanquished

Notes
Turn   | Place    | Note
-------+----------+-------------------------------------------
     0 | D:1      | dolemite99 the Gnoll Earth Elementalist began the quest for
                  | the Orb.
     0 | D:1      | Reached XP level 1. HP: 13/13 MP: 6/6
   297 | D:1      | Reached XP level 2. HP: 19/19 MP: 4/7
   500 | D:1      | Found Zoifiovy's General Store.
   514 | D:1      | Bought a potion of curing for 33 gold pieces
   514 | D:1      | Bought 8 stones for 8 gold pieces
   806 | D:1      | Reached XP level 3. HP: 25/25 MP: 7/9
   880 | D:1      | Reached skill level 5 in Spellcasting
   923 | D:1      | Found a faded altar of an unknown god.
   984 | D:1      | Prayed at the altar of an unknown god.
   984 | D:1      | Became a worshipper of Zin the Law-Giver
   984 | D:1      | Reached * piety under Zin
  1142 | D:2      | Reached skill level 1 in Invocations
  1197 | D:2      | Reached skill level 1 in Fighting
  1197 | D:2      | Reached skill level 1 in Short Blades
  1197 | D:2      | Reached skill level 1 in Long Blades
  1197 | D:2      | Reached skill level 1 in Axes
  1197 | D:2      | Reached skill level 1 in Maces & Flails
  1197 | D:2      | Reached skill level 1 in Polearms
  1197 | D:2      | Reached skill level 1 in Staves
  1197 | D:2      | Reached skill level 1 in Slings
  1197 | D:2      | Reached skill level 1 in Bows
  1197 | D:2      | Reached skill level 1 in Crossbows
  1197 | D:2      | Reached skill level 1 in Throwing
  1197 | D:2      | Reached skill level 1 in Armour
  1197 | D:2      | Reached skill level 1 in Shields
  1197 | D:2      | Reached skill level 1 in Unarmed Combat
  1197 | D:2      | Reached skill level 1 in Evocations
  1284 | D:2      | Reached XP level 4. HP: 32/32 MP: 9/11
  1835 | D:1      | Learned a level 3 spell: Stone Arrow
  1845 | D:2      | Found a shimmering altar of Xom.
  1857 | D:2      | Reached skill level 1 in Conjurations
  1857 | D:2      | Reached skill level 1 in Hexes
  1857 | D:2      | Reached skill level 1 in Summonings
  1857 | D:2      | Reached skill level 1 in Necromancy
  1857 | D:2      | Reached skill level 1 in Translocations
  1857 | D:2      | Reached skill level 1 in Fire Magic
  1857 | D:2      | Reached skill level 1 in Ice Magic
  1857 | D:2      | Reached skill level 1 in Air Magic
  1857 | D:2      | Reached skill level 1 in Poison Magic
  2118 | D:3      | Reached ** piety under Zin
  3141 | D:3      | Reached XP level 5. HP: 37/37 MP: 5/12
  3293 | D:3      | Learned a level 1 spell: Shock
  4220 | D:4      | Noticed a kobold brigand
  4228 | D:4      | Killed a kobold brigand
  4550 | D:4      | Reached XP level 6. HP: 39/44 MP: 10/13
  4553 | D:4      | Reached skill level 5 in Dodging
  4716 | D:4      | Noticed an orc warrior
  4736 | D:4      | Killed an orc warrior
  4737 | D:4      | Reached XP level 7. HP: 4/50 MP: 0/15
  5612 | D:5      | Entered Level 5 of the Dungeon
  5957 | D:5      | Noticed Menkaure
  5962 | D:5      | Killed Menkaure
  5963 | D:5      | Reached skill level 5 in Stealth
  6230 | D:5      | Found a shimmering altar of Xom.
  6230 | D:5      | Found a burning altar of Makhleb.
  6322 | D:5      | Reached XP level 8. HP: 46/57 MP: 12/16
  6487 | D:5      | Found Hissuiwa's Magic Scroll Shop.
  6537 | D:5      | Bought a scroll of summoning for 114 gold pieces
  6537 | D:5      | Bought a scroll of teleportation for 36 gold pieces
  6654 | D:5      | Noticed Dowan
  6656 | D:5      | Noticed Duvessa
  6669 | D:5      | Killed Duvessa
  6677 | D:5      | Killed Dowan
  7045 | D:5      | Reached *** piety under Zin
  8179 | D:6      | Reached XP level 9. HP: 59/65 MP: 13/18
  9376 | D:6      | Identified a scroll of acquirement
  9376 | D:6      | Acquired 997 gold pieces
  9377 | D:6      | Reached **** piety under Zin
  9377 | D:6      | Reached ***** piety under Zin
  9531 | D:1      | Bought a scroll of enchant armour for 82 gold pieces
  9531 | D:1      | Bought a scroll of enchant armour for 82 gold pieces
  9531 | D:1      | Bought a +0 cloak for 49 gold pieces
  9531 | D:1      | Bought a scroll of identify for 22 gold pieces
  9531 | D:1      | Bought a scroll of fog for 22 gold pieces
  9543 | D:1      | Learned a level 2 spell: Passwall
  9547 | D:1      | Learned a level 3 spell: Tukima's Dance
  9667 | D:5      | Bought 3 scrolls of teleportation for 108 gold pieces
  9667 | D:5      | Bought a scroll of identify for 24 gold pieces
  9667 | D:5      | Bought a scroll of identify for 24 gold pieces
  9667 | D:5      | Bought a scroll of brand weapon for 240 gold pieces
 11355 | D:7      | Learned a level 3 spell: Frozen Ramparts
 11357 | D:7      | Learned a level 1 spell: Sandblast
 11428 | D:7      | Found a staircase to the Ecumenical Temple.
 11619 | Temple   | Entered the Ecumenical Temple
 11822 | Temple   | Fell from the grace of Zin
 11822 | Temple   | Became a worshipper of Hepliaklqana the Forgotten
 12235 | D:8      | Reached skill level 5 in Invocations
 12827 | D:8      | Noticed Psyche
 12837 | D:8      | Killed Psyche
 12838 | D:8      | Reached XP level 10. HP: 65/73 MP: 14/20
 13005 | D:8      | Reached skill level 5 in Fighting
 13005 | D:8      | Reached skill level 5 in Short Blades
 13005 | D:8      | Reached skill level 5 in Long Blades
 13005 | D:8      | Reached skill level 5 in Axes
 13005 | D:8      | Reached skill level 5 in Maces & Flails
 13005 | D:8      | Reached skill level 5 in Polearms
 13005 | D:8      | Reached skill level 5 in Staves
 13005 | D:8      | Reached skill level 5 in Slings
 13005 | D:8      | Reached skill level 5 in Bows
 13005 | D:8      | Reached skill level 5 in Crossbows
 13005 | D:8      | Reached skill level 5 in Throwing
 13005 | D:8      | Reached skill level 5 in Armour
 13005 | D:8      | Reached skill level 5 in Shields
 13005 | D:8      | Reached skill level 5 in Unarmed Combat
 13005 | D:8      | Reached skill level 5 in Evocations
 13806 | D:8      | Reached skill level 5 in Transmutations
 15100 | D:8      | Found a staircase to the Lair.
 15808 | D:9      | Reached * piety under Hepliaklqana
 15808 | D:9      | Noticed a kobold demonologist
 15866 | Lair:1   | Entered Level 1 of the Lair of Beasts
 15871 | Lair:1   | Noticed a four-headed hydra
 15876 | Lair:1   | Killed a four-headed hydra
 15889 | Lair:1   | Reached XP level 11. HP: 72/72 MP: 22/22
 16605 | Lair:1   | Reached skill level 5 in Conjurations
 16605 | Lair:1   | Reached skill level 5 in Hexes
 16605 | Lair:1   | Reached skill level 5 in Summonings
 16605 | Lair:1   | Reached skill level 5 in Necromancy
 16605 | Lair:1   | Reached skill level 5 in Translocations
 16605 | Lair:1   | Reached skill level 5 in Fire Magic
 16605 | Lair:1   | Reached skill level 5 in Ice Magic
 16605 | Lair:1   | Reached skill level 5 in Air Magic
 16605 | Lair:1   | Reached skill level 5 in Poison Magic
 17832 | Lair:2   | Noticed an eight-headed hydra
 17838 | Lair:2   | Killed an eight-headed hydra
 18023 | Lair:2   | Found a staircase to the Shoals.
 18238 | Lair:2   | Reached ** piety under Hepliaklqana
 18241 | Lair:2   | Remembered your ancestor Dunstan as a battlemage
 19300 | Lair:3   | Reached XP level 12. HP: 70/80 MP: 24/24
 19427 | Lair:3   | Noticed a four-headed hydra
 19436 | Lair:3   | Killed a four-headed hydra
 19785 | Lair:3   | Reached *** piety under Hepliaklqana
 19832 | Lair:3   | Found a staircase to the Snake Pit.
 19895 | Lair:3   | Noticed a four-headed hydra
 19901 | Lair:3   | Killed a four-headed hydra
 23092 | Lair:5   | Reached **** piety under Hepliaklqana
 23209 | Lair:5   | Noticed Sonja
 23335 | Lair:5   | Noticed a boulder beetle
 23341 | Lair:5   | Killed a boulder beetle
 23342 | Lair:5   | Reached XP level 13. HP: 88/88 MP: 24/26
 23345 | Lair:5   | Killed Sonja
 23543 | Lair:5   | Found a viscous altar of Jiyva.
 23543 | Lair:5   | Found a staircase to the Slime Pits.
 24348 | Lair:6   | Entered Level 6 of the Lair of Beasts
 24581 | Lair:6   | Killed from afar by a lindwurm

Illustrated notes

Levels and vault maps discovered:
D:1:      co_arrival_square_in_a_square_in_a_square, layout_loops_ring,
          shapermc_ecumenical_altar_mp_urbaneastern, serial_shops, shop,
          minmay_hexomino_f4
D:2:      layout_loops_cross, basic_altar
D:3:      layout_rooms
D:4:      layout_loops_ring
D:5:      layout_cave_pools, grunt_temple_overflow_champion_of_chaos,
          serial_shops, shop_statue, uniq_duvessa, uniq_menkaure
D:6:      layout_layer_cave
D:7:      layout_basic, minmay_temple_entry_waves, nrook_loot_triangle,
          supply_closet_lemuel
D:8:      layout_basic, due_lair_maze_entry_diamond, enter_bailey_1, uniq_psyche
D:9:      layout_cave_pools, lemuel_doored_altar, erik_orc_1,
          grunt_ministairs_5, kennysheep_windowed_goal, uniq_prince_ribbit1
Temple:   mainiacjoe_temple_bowtie_tessellation
Lair:1:   layout_loops_ring, wad_woods_road_05
Lair:2:   layout_roguey, minmay_shoals_entry_centaurs,
          chequers_serial_rivers_small_a, minivault_27, grunt_megastairs_5
Lair:3:   layout_hall_layers, guppyfry_snake_entry_island
Lair:4:   layout_cave_pods
Lair:5:   dpeg_oklob_gauntlet, layout_regular_city, slime_altar_1,
          minmay_lindwurm_lava, grunt_megastairs_3, uniq_sonja
Lair:6:   cheibrodos_lair_end_hotspot, layout_long_grid

Skill      XL: |  1  2  3  4  5  6  7  8  9 10 11 12 13 |
---------------+----------------------------------------+-----
Transmutations | 2 3 4 5 6 7 |  7.2
Spellcasting   | 5 6 7 8 9 |  9.7
Invocations    | 1 2 3 4 5 6 7 8 9 |  9.0
Fighting       | 1 2 3 4 5 6 7 8 |  8.2
Short Blades   | 1 2 3 4 5 6 7 8 |  8.2
Long Blades    | 1 2 3 4 5 6 7 8 |  8.2
Axes           | 1 2 3 4 5 6 7 8 |  8.2
Maces & Flails | 1 2 3 4 5 6 7 8 |  8.2
Polearms       | 1 2 3 4 5 6 7 8 |  8.2
Staves         | 1 2 3 4 5 6 7 8 |  8.2
Slings         | 1 2 3 4 5 6 7 8 |  8.2
Bows           | 1 2 3 4 5 6 7 8 |  8.2
Crossbows      | 1 2 3 4 5 6 7 8 |  8.2
Throwing       | 1 2 3 4 5 6 7 8 |  8.2
Armour         | 1 2 3 4 5 6 7 8 |  8.2
Shields        | 1 2 3 4 5 6 7 8 |  8.2
Unarmed Combat | 1 2 3 4 5 6 7 8 |  8.2
Evocations     | 1 2 3 4 5 6 7 8 |  8.2
Conjurations   | 1 2 3 4 5 6 |  6.8
Hexes          | 1 2 3 4 5 6 |  6.8
Summonings     | 1 2 3 4 5 6 |  6.8
Necromancy     | 1 2 3 4 5 6 |  6.8
Translocations | 1 2 3 4 5 6 |  6.8
Fire Magic     | 1 2 3 4 5 6 |  6.8
Ice Magic      | 1 2 3 4 5 6 |  6.8
Air Magic      | 1 2 3 4 5 6 |  6.8
Poison Magic   | 1 2 3 4 5 6 |  6.8
Dodging        | 5 6 7 8 9 |  9.4
Stealth        | 5 6 7 8 9 |  9.3
Earth Magic    | 6 7 8 |  8.8

Action                   |  1- 3 |  4- 6 |  7- 9 | 10-12 | 13-15 || total
-------------------------+-------+-------+-------+-------+-------++-------
Melee: Short sword       |     8 |       |       |       |       ||     8
       Bite              |     2 |       |       |     3 |       ||     5
       Punch             |     1 |     1 |       |     1 |       ||     3
       Staff             |       |    13 |       |       |       ||    13
       Dagger            |       |       |       |    26 |       ||    26
 Fire: Shortbow          |       |       |   128 |   336 |    32 ||   496
Throw: Javelin           |       |     4 |       |       |       ||     4
       Dart              |       |     3 |       |       |       ||     3
       Stone             |       |     1 |       |       |       ||     1
 Cast: Sandblast         |    41 |    51 |    64 |    46 |       ||   202
       Stone Arrow       |       |     9 |    45 |    77 |    30 ||   161
       Shock             |       |    33 |     7 |     7 |       ||    47
       Frozen Ramparts   |       |       |     3 |    33 |     3 ||    39
Invok: Recite            |       |     1 |       |       |       ||     1
       Recall Ancestor   |       |       |       |     2 |       ||     2
       Ancestor Life: Ba |       |       |       |     1 |       ||     1
Evoke: Wand              |       |       |       |    23 |     9 ||    32
  Use: Scroll            |       |     9 |    12 |    17 |       ||    38
       Potion            |       |     1 |       |       |       ||     1
 Stab: Sleeping          |       |       |       |     1 |       ||     1
Armor: Robe              |     3 |    18 |    34 |    47 |       ||   102
       Leather armour    |       |       |       |    63 |     4 ||    67
Dodge: Dodged            |    13 |    53 |    89 |   158 |    18 ||   331

Table legend: (Time is in decaauts)
 A = Elapsed time spent in this place.
 B = Non-inter-level travel time spent in this place.
 C = Inter-level travel time spent in this place.
 D = Time resting spent in this place.
 E = Time spent auto-exploring this place.
 F = Levels seen in this place.
 G = Mean time per level.
                   A        B        C        D        E       F      G
               +--------+--------+--------+--------+--------+-----+--------+
         Total |  24711 |  23898 |    813 |  11992 |   8776 |  16 | 1544.4 |
       Dungeon |  15712 |  15135 |    577 |   8245 |   4896 |   9 | 1745.8 |
        Temple |    231 |    205 |     26 |      0 |    188 |   1 |  231.0 |
          Lair |   8767 |   8557 |    210 |   3747 |   3692 |   6 | 1461.2 |
               +--------+--------+--------+--------+--------+-----+--------+

Top non-repeatable levels by time:
     D:8: 3369 daAuts
     D:3: 2508 daAuts
     D:6: 2217 daAuts
  Lair:4: 2109 daAuts
     D:7: 1941 daAuts
  Lair:5: 1884 daAuts
     D:5: 1807 daAuts
  Lair:1: 1783 daAuts
     D:4: 1619 daAuts
  Lair:3: 1495 daAuts
  Lair:2: 1262 daAuts
     D:1: 1197 daAuts
     D:2: 1038 daAuts
  Lair:6: 231 daAuts
  Temple: 231 daAuts
